Map: Emerald City LE

Players

qqq - Winner!

  • Race: Protoss Protoss
  • League: Platinum
  • Spawn Location: 11:00

Massa - Winner!

  • Race: Terran Terran
  • League: Platinum
  • Spawn Location: 11:00

KraZyGryphon

  • Race: Protoss Protoss
  • Spawn Location: 5:00

Spaced

  • Race: Terran Terran
  • League: Diamond
  • Spawn Location: 5:00

VOD

Have the link to the VOD?

Description

Time

  • Played on: Dec. 26, 2020, 6:06 a.m.
  • Length: 14:36
Show
View Real Time Build Order
Export as new Build Order

qqq Protoss - Winner!

Build Orders: Cannon Rush 

Get SALT Encoding   

  12  0:01  Probe  
  13  0:23  Probe  
  13  0:24  Pylon  
  14  0:35  Probe  
  15  0:47  Forge  
  15  0:49  Probe  
  16  1:01  Probe  
  17  1:07  Pylon  
  17  1:19  Pylon  
  17  1:31  Pylon  
  17  1:32  Photon Cannon  
  17  1:37  Pylon  
  17  1:49  Photon Cannon  
  17  1:55  Photon Cannon  
  17  2:02  Photon Cannon  
  17  2:15  Photon Cannon  
  16  2:41  Probe  
  17  2:53  Nexus  
  17  3:02  Probe  
  18  3:07  Photon Cannon  
  17  3:14  Probe  
  17  3:16  Gateway  
  18  3:23  Pylon  
  18  3:31  Photon Cannon  
  19  3:34  Probe  
  19  3:44  Assimilator  
  19  3:46  Probe  
  20  3:51  Pylon  
  20  3:58  Probe  
  21  4:08  Assimilator  
  21  4:10  Probe  
  22  4:19  Photon Cannon  
  22  4:22  Probe  
  23  4:24  Probe  
  24  4:34  Probe  
  24  4:36  Probe  
  26  4:42  Assimilator  
  26  4:46  Probe, Assimilator  
  26  4:48  Probe  
  28  4:57  Cybernetics Core  
  28  4:59  Probe  
  29  5:00  Probe (Chrono Boost)  
  29  5:06  Pylon  
  30  5:11  Probe (Chrono Boost)  
  30  5:13  Probe (Chrono Boost)  
  32  5:20  Probe x2 (Chrono Boost)  
  34  5:25  Probe (Chrono Boost)  
  34  5:27  Probe  
  36  5:34  Pylon, Stargate  
  36  5:35  Stargate  
  36  5:39  Pylon  
  36  5:42  Probe  
  37  5:43  Probe  
  38  5:54  Probe  
  38  5:55  Probe  
  40  6:06  Probe  
  40  6:07  Probe, Protoss Air Weapons Level 1 (Chrono Boost)  
  42  6:17  Phoenix (Chrono Boost)  
  45  6:18  Probe  
  45  6:19  Probe  
  45  6:24  Phoenix (Chrono Boost), Fleet Beacon  
  48  6:34  Probe  
  49  6:41  Phoenix (Chrono Boost)  
  49  6:46  Phoenix (Chrono Boost)  
  51  6:54  Nexus  
  53  6:57  Phoenix  
  55  7:04  Phoenix  
  57  7:09  Anion Pulse-Crystals (Chrono Boost)  
  57  7:24  Photon Cannon  
  57  7:26  Phoenix  
  59  7:48  Carrier  
  64  8:02  Phoenix  
  66  8:11  Probe (Chrono Boost), Nexus  
  67  8:14  Pylon  
  67  8:17  Pylon  
  68  8:21  Probe (Chrono Boost)  
  68  8:25  Assimilator  
  68  8:26  Probe (Chrono Boost)  
  68  8:27  Phoenix  
  68  8:29  Protoss Air Armor Level 1  
  68  8:31  Assimilator  
  71  8:37  Probe  
  72  8:49  Probe  
  72  8:52  Tempest  
  78  9:01  Probe  
  77  9:05  Carrier  
  83  9:30  Probe x2 (Chrono Boost)  
  85  9:35  Carrier  
  91  9:42  Probe x2 (Chrono Boost)  
  93  9:49  Probe x2 (Chrono Boost)  
  95  9:56  Probe  
  96  10:08  Probe  
  96  10:09  Tempest  
  102  10:31  Stargate  
  102  10:33  Stargate  
  102  10:37  Robotics Facility  
  102  10:39  Tempest, Pylon  
  102  10:41  Pylon  
  107  10:43  Pylon  
  107  10:44  Pylon  
  107  10:46  Pylon  
  107  10:48  Pylon  
  107  10:50  Photon Cannon  
  107  10:51  Nexus  
  107  10:52  Protoss Air Weapons Level 2  
  107  10:55  Photon Cannon  
  107  10:58  Shield Battery  
  107  11:00  Pylon  
  107  11:01  Mothership (Chrono Boost)  
  115  11:07  Tempest  
  120  11:21  Tempest  
  125  11:36  Photon Cannon  
  125  11:37  Pylon  
  125  11:38  Carrier  
  131  11:40  Tempest, Pylon  
  131  11:42  Pylon  
  131  11:46  Observer  
  136  11:57  Photon Cannon  
  136  11:59  Shield Battery  
  136  12:00  Pylon  
  136  12:02  Photon Cannon  
  136  12:06  Probe (Chrono Boost)  
  136  12:07  Observer  
  138  12:11  Carrier  
  138  12:12  Tempest  
  150  12:16  Probe (Chrono Boost)  
  151  12:26  Probe (Chrono Boost)  
  151  12:29  Observer  
  152  12:33  Probe (Chrono Boost)  
  153  12:37  Photon Cannon  
  153  12:44  Probe  
  154  12:53  Pylon  
  154  12:56  Probe, Pylon  
  155  13:08  Probe  
  156  13:14  Photon Cannon  
  156  13:17  Nexus  
  156  13:19  Pylon  
  156  13:20  Tempest, Photon Cannon, Probe  
  156  13:21  Shield Battery  
  156  13:22  Photon Cannon, Pylon  
  156  13:23  Pylon  
  156  13:25  Pylon, Assimilator  
  162  13:32  Assimilator  
  162  13:33  Probe  
Show
View Real Time Build Order
Export as new Build Order

Massa Terran - Winner!

Build Orders:  

Get SALT Encoding   

  12  0:00  SCV  
  13  0:12  SCV  
  14  0:23  Supply Depot  
  14  0:24  SCV  
  15  0:45  SCV  
  15  0:46  Barracks  
  16  0:51  Refinery  
  16  0:57  SCV  
  17  1:09  SCV  
  18  1:21  SCV  
  19  1:39  Orbital Command  
  19  1:41  Command Center  
  19  1:49  Barracks Tech Lab  
  19  1:57  Barracks  
  19  2:17  Bunker, Factory  
  19  2:20  Marine  
  20  2:27  SCV, Supply Depot  
  21  2:37  Barracks  
  21  2:41  Marine  
  22  2:49  Marine  
  22  2:51  Stimpack  
  23  2:57  Bunker  
  23  3:02  Factory Tech Lab  
  23  3:07  Marine  
  23  3:12  Marauder  
  26  3:25  Marine  
  27  3:32  Marine  
  27  3:33  Marine  
  29  3:42  SCV x2  
  29  3:44  Marine  
  29  3:47  Siege Tank  
  35  3:50  Marine  
  36  3:55  Supply Depot  
  38  4:02  Marine  
  38  4:03  Marauder  
  38  4:06  SCV x2  
  38  4:08  Marine  
  42  4:18  SCV x2, Engineering Bay  
  46  4:24  Widow Mine  
  46  4:27  Marine x2  
  46  4:30  SCV  
  49  4:38  Refinery  
  49  4:40  Orbital Command  
  51  4:46  Widow Mine  
  51  4:47  Missile Turret  
  51  4:50  Missile Turret  
  51  4:54  Combat Shield  
  51  4:56  SCV  
  52  5:03  Missile Turret  
  52  5:06  Supply Depot  
  52  5:08  SCV  
  52  5:11  Missile Turret  
  53  5:21  SCV  
  54  5:28  Widow Mine  
  56  5:29  Marine x3  
  56  5:34  SCV  
  60  5:39  Refinery  
  60  5:42  Supply Depot  
  60  5:47  Marine x2  
  60  5:48  Missile Turret  
  62  5:55  Missile Turret  
  62  6:00  Missile Turret  
  62  6:04  Cyclone, SCV  
  62  6:10  Sensor Tower  
  66  6:13  SCV  
  66  6:16  SCV, Terran Infantry Weapons Level 1  
  68  6:25  Barracks Reactor x2  
  68  6:27  Concussive Shells  
  68  6:29  Marauder  
  70  6:49  Armory  
  70  6:53  Command Center  
  70  6:59  Supply Depot  
  70  7:06  Supply Depot  
  70  7:15  Mag-Field Accelerator  
  70  7:20  Cyclone, Marine x2, SCV  
  70  7:21  Marauder  
  78  7:27  SCV  
  78  7:28  Supply Depot  
  79  7:36  SCV  
  80  7:39  SCV  
  80  7:40  Marine  
  80  7:41  Marine x4  
  86  7:53  Widow Mine  
  88  7:58  Marine x2  
  88  7:59  Marine x3  
  93  8:14  SCV x2  
  93  8:16  Marine x2  
  93  8:18  Thor  
  103  8:20  Marine x3  
  103  8:26  SCV x2, Barracks  
  108  8:28  Factory  
  108  8:34  Marine  
  109  8:50  Supply Depot  
  109  8:52  Supply Depot x2  
  109  9:06  Marine  
  109  9:07  SCV  
  109  9:09  Marine  
  109  9:10  Marine  
  109  9:11  SCV  
  109  9:12  Marine x2  
  109  9:15  Supply Depot  
  109  9:16  Supply Depot  
  95  9:19  SCV  
  95  9:23  SCV, Marine  
  73  9:26  Factory Reactor  
  73  9:27  Widow Mine, Marine  
  73  9:29  Marine  
  77  9:31  Planetary Fortress  
  77  9:34  SCV  
  77  9:35  SCV  
  77  9:38  Missile Turret  
  79  9:43  Barracks Reactor  
  79  9:44  Marine x3  
  82  9:45  Marine  
  82  9:46  SCV  
  82  9:47  Marine  
  82  9:48  Siege Tank  
  88  10:02  Marine x3  
  88  10:04  Marauder  
  88  10:05  Marine  
  92  10:23  Marine x6  
  92  10:25  Marauder, Thor  
  92  10:26  Widow Mine x2  
  110  10:34  Starport  
  110  10:37  Terran Infantry Weapons Level 2, Engineering Bay  
  110  10:38  Terran Vehicle Weapons Level 1  
  110  10:41  Marine x4  
  114  10:42  Refinery  
  114  10:43  SCV x2  
  114  10:44  Refinery, SCV  
  114  10:48  Widow Mine x2  
  121  10:54  Refinery  
  121  10:55  SCV  
  121  10:56  SCV  
  123  11:08  SCV, Thor  
  123  11:09  Widow Mine, SCV x2  
  134  11:20  SCV  
  134  11:21  SCV  
  134  11:51  Thor  
  134  11:52  Widow Mine x2  
  144  12:02  Terran Infantry Armor Level 1  
  144  12:08  Command Center  
  140  12:15  SCV x3  
  141  12:27  SCV x3  
  144  12:33  Terran Vehicle And Ship Armor Level 1  
  144  12:35  Sensor Tower  
  144  12:39  SCV  
  145  12:45  Starport Reactor  
  145  12:52  Armory  
  145  12:55  Ghost Academy  
  143  13:20  Marauder, Marine  
  143  13:21  Marine x5  
  143  13:25  Thor  
  143  13:26  Widow Mine x2  
  159  13:38  Marine  
  159  13:39  Marine x4  
  164  13:52  Factory  
  164  13:55  Marine  
  164  13:56  Factory, Marine  
  164  13:57  Factory, Marine x3  
  164  13:59  Marine  
  164  14:00  Marauder  
  163  14:03  Widow Mine  
  163  14:12  Marine  
Show
View Real Time Build Order
Export as new Build Order

KraZyGryphon Protoss 

Build Orders:  

Get SALT Encoding   

  12  0:04  Probe  
  13  0:16  Probe  
  13  0:17  Pylon  
  14  0:28  Probe (Chrono Boost)  
  15  0:38  Gateway  
  15  0:40  Probe (Chrono Boost)  
  16  0:44  Assimilator  
  16  0:46  Probe (Chrono Boost)  
  17  0:54  Probe  
  18  1:06  Probe (Chrono Boost)  
  19  1:17  Probe (Chrono Boost)  
  20  1:21  Probe (Chrono Boost)  
  21  1:27  Cybernetics Core  
  21  1:33  Probe  
  22  1:46  Nexus  
  22  2:00  Warp Gate (Chrono Boost)  
  22  2:26  Pylon  
  22  2:29  Forge  
  22  2:32  Probe  
  23  2:43  Stalker  
  23  2:44  Probe  
  26  2:46  Assimilator  
  26  2:49  Stargate  
  26  2:57  Probe  
  27  3:00  Probe  
  28  3:09  Probe  
  28  3:12  Probe (Chrono Boost)  
  30  3:15  Pylon  
  30  3:17  Assimilator  
  30  3:23  Probe (Chrono Boost)  
  30  3:24  Probe (Chrono Boost)  
  32  3:33  Void Ray (Chrono Boost)  
  32  3:40  Probe  
  32  3:41  Probe  
  36  3:45  Stalker  
  40  3:52  Probe  
  40  3:53  Probe  
  40  3:54  Pylon  
  42  4:04  Probe  
  42  4:05  Probe  
  42  4:07  Void Ray (Chrono Boost)  
  44  4:15  Assimilator  
  44  4:16  Probe  
  49  4:17  Probe  
  50  4:29  Probe x2, Photon Cannon  
  52  4:35  Photon Cannon  
  52  4:37  Void Ray (Chrono Boost)  
  52  4:41  Probe  
  52  4:44  Probe  
  58  4:54  Pylon  
  58  4:58  Probe x2  
  60  5:07  Void Ray  
  64  5:15  Stargate  
  64  5:23  Probe x2 (Chrono Boost)  
  66  5:33  Probe x2 (Chrono Boost)  
  68  5:37  Nexus  
  68  5:40  Pylon  
  68  5:50  Pylon  
  68  5:52  Void Ray  
  68  5:57  Probe x2  
  70  5:58  Protoss Air Weapons Level 1 (Chrono Boost)  
  74  6:04  Void Ray  
  74  6:05  Shield Battery  
  74  6:09  Photon Cannon  
  78  6:13  Probe x2  
  80  6:19  Stargate  
  80  6:25  Probe x2  
  82  6:27  Pylon  
  82  6:30  Void Ray  
  86  6:41  Fleet Beacon  
  86  6:46  Probe (Chrono Boost)  
  88  6:47  Void Ray  
  88  6:51  Probe (Chrono Boost)  
  88  6:53  Probe (Chrono Boost)  
  93  6:57  Probe (Chrono Boost)  
  93  6:58  Probe  
  93  7:00  Probe  
  95  7:02  Assimilator x2  
  95  7:06  Photon Cannon x2  
  96  7:10  Probe, Pylon  
  97  7:18  Flux Vanes  
  97  7:19  Void Ray x2  
  97  7:24  Void Ray  
  105  7:35  Photon Cannon  
  105  7:36  Pylon  
  107  7:49  Mothership (Chrono Boost)  
  107  7:50  Photon Cannon  
  113  8:15  Tempest x2  
  123  8:20  Pylon  
  123  8:23  Gateway x2  
  123  8:30  Twilight Council  
  123  8:33  Gateway  
  123  8:35  Gateway  
  123  8:37  Probe x2, Pylon, Protoss Air Weapons Level 2 (Chrono Boost)  
  125  8:43  Gateway  
  125  8:51  Shield Battery  
  121  9:10  Probe x2  
  123  9:17  Tempest x2  
  133  9:32  Nexus  
  133  9:34  Pylon  
  133  9:38  Pylon, Assimilator  
  133  9:40  Pylon  
  133  9:42  Assimilator  
  133  9:51  Tempest, Pylon  
  138  9:54  Pylon  
  138  9:58  Pylon  
  138  10:00  Tempest x2  
  138  10:01  Shield Battery  
  138  10:03  Nexus, Shield Battery  
  138  10:04  Pylon  
  148  10:11  Probe x3  
  151  10:34  Tempest (Chrono Boost)  
  156  10:36  Zealot x6  
  168  10:43  Probe x3, Tempest x2 (Chrono Boost), Dark Shrine  
  168  10:49  Pylon  
  181  10:50  Pylon  
  169  11:12  Protoss Air Weapons Level 3 (Chrono Boost)  
  169  11:13  Tempest (Chrono Boost)  
  169  11:15  Stargate  
  169  11:18  Tempest (Chrono Boost), Protoss Shields Level 1 (Chrono Boost)  
  179  11:43  Robotics Facility  
  179  11:47  Assimilator  
  179  11:51  Assimilator  
  179  11:53  Tempest  
  184  11:56  Pylon  
  184  11:57  Photon Cannon x2  
  184  11:59  Photon Cannon x2  
  184  12:00  Charge  
  184  12:02  Tempest  
  184  12:05  Pylon  
  184  12:07  Pylon  
  184  12:08  Dark Templar x2  
  193  12:09  Dark Templar  
  195  12:17  Tempest  
  198  12:35  Observer  
  195  12:37  Robotics Bay  
  195  12:39  Tempest  
  200  12:56  Photon Cannon  
Show
View Real Time Build Order
Export as new Build Order

Spaced Terran 

Build Orders:  

Get SALT Encoding   

  12  0:05  SCV  
  13  0:22  Supply Depot  
  13  0:34  SCV  
  14  0:46  SCV  
  15  0:52  Barracks  
  15  0:55  Barracks  
  15  0:58  SCV  
  16  1:11  SCV  
  17  1:12  Barracks  
  17  1:25  Barracks  
  17  1:36  Barracks  
  17  1:42  Marine  
  17  1:43  Marine  
  19  1:53  Supply Depot  
  19  1:59  Marine  
  19  2:00  Marine  
  21  2:14  Marine x2  
  23  2:16  Marine  
  22  2:24  Marine x2  
  23  2:31  Marine  
  22  2:45  Marine  
  23  2:52  Marine  
  24  2:59  Marine x3  
  27  3:14  Marine  
  27  3:15  Marine  
  27  3:17  Marine  
  30  3:20  Supply Depot  
  30  3:22  SCV  
  31  3:42  Marine x3  
  31  3:46  SCV  
  35  3:58  SCV  
  35  4:16  Command Center  
  35  4:26  Orbital Command  
  35  4:31  Refinery  
  35  4:43  Refinery  
  35  4:50  Refinery  
  35  4:53  SCV  
  36  5:06  SCV  
  37  5:18  SCV  
  37  5:20  Factory  
  38  5:28  Barracks Reactor  
  38  5:32  Barracks Tech Lab  
  38  5:34  SCV  
  38  5:35  Orbital Command  
  39  5:46  SCV  
  40  5:58  SCV  
  40  6:00  Stimpack  
  40  6:03  SCV  
  42  6:05  Starport  
  42  6:07  Factory Reactor  
  42  6:10  SCV  
  43  6:11  Barracks Tech Lab  
  43  6:15  SCV  
  44  6:22  SCV  
  45  6:27  SCV  
  45  6:30  Supply Depot  
  46  6:34  SCV  
  46  6:37  Combat Shield  
  46  6:39  SCV  
  48  6:57  SCV x2  
  48  6:58  Medivac x2  
  54  7:03  Marauder x2  
  58  7:08  Supply Depot  
  58  7:09  SCV x2  
  60  7:21  SCV x2  
  64  7:30  Medivac x2  
  62  7:32  Supply Depot  
  62  7:33  SCV x2  
  68  7:40  Concussive Shells, Supply Depot  
  68  7:43  Marauder  
  70  7:54  SCV x2  
  70  7:57  Supply Depot  
  72  8:14  Marine x6  
  78  8:32  Marine x6, Supply Depot  
  78  8:33  Medivac x2  
  88  8:49  Marine  
  88  8:50  Marine x5  
  92  9:07  Marine  
  92  9:08  Marine x5  
  50  9:28  Medivac x2  
  54  9:39  Marine  
  54  9:40  Marine x5  
  54  9:42  Command Center  
  54  9:43  SCV  
  61  9:55  SCV  
  61  9:56  Command Center  
  42  10:35  SCV  
  43  10:45  Marine x4  
  43  10:46  Marine x2  
  43  10:47  Medivac  
  43  10:48  SCV, Medivac  
  54  10:59  Engineering Bay  
  54  11:00  SCV  
  54  11:01  Engineering Bay  
  54  11:03  Marine x4  
  54  11:04  Marine x2  
  61  11:11  Orbital Command  
  61  11:17  Medivac x2  
  65  11:18  Orbital Command  
  65  11:21  Marine x4  
  65  11:24  Marauder  
  71  11:27  Marauder  
  73  11:43  Barracks Tech Lab x2  
  73  11:45  Marine x2  
  73  11:46  Marauder  
  77  11:48  Marauder  
  79  12:02  Terran Infantry Weapons Level 1  
  79  12:03  Terran Infantry Armor Level 1  
  79  12:06  Armory  
  79  12:07  SCV  
  79  12:08  SCV  
  81  12:10  SCV  
  82  12:20  SCV x2  
  82  12:22  SCV  
  85  12:32  SCV  
  85  12:34  SCV  
  86  12:44  SCV  
  85  12:46  SCV  
  85  12:49  Marine x4  
  85  12:50  Marine x2  
  91  12:54  Medivac  
  91  12:55  Medivac  
  95  13:07  Marine x5  
  95  13:08  Marine  
  101  13:25  Marine x6  
  105  13:42  Marine  
  105  13:43  Marine x4  
  110  13:51  Marine  
  106  14:00  Marine x2  
  106  14:01  Marine x3  
  81  14:09  Marine  
  61  14:18  Marine  
  63  14:28  Barracks x5  
  54  14:29  Barracks  
Tags
 
Add a new tag
Caveats
  • Supply blocks, unpowered buildings, or Contaminate may cause inaccurate times.
  • Supply counts are checked every 10 seconds.